BSA
NASHVILLE G-STRINGS @ GREENVILLE 84S
08/06/2027
 
TOP OF THE 1ST
Madison Bombers batting - Pitching for Greenville 84s : RHP Dillon Nelson
Pitching: RHP Dillon Nelson
Batting: SHB Jorge Flores 0-0: Fly out, F8 (Line Drive, 8LD)
Batting: LHB George Smith 0-0: Ball
1-0: Ball
2-0: Ball
3-0: SINGLE (Line Drive, 89S)
Batting: RHB Sergio Márquez 0-0: Ball
1-0: Ball
2-0: Foul Ball, location: 2F
2-1: Foul Ball, location: 2F
2-2: Fly out, F8 (Flyball, 8LD)
Batting: LHB Mike Callahan 0-0: Called Strike
0-1: Ball
1-1: Swinging Strike
1-2: Ball
2-2: 2-RUN HOME RUN (Flyball, 9D), Distance : 455 ft
Batting: SHB Ricardo Arévalo 0-0: Called Strike
0-1: Ball
1-1: Called Strike
1-2: Ball
2-2: Strikes out swinging
Top of the 1st over - 2 run(s), 2 hit(s), 0 error(s), 0 left on base; Madison 2 - Greenville 0
BOTTOM OF THE 1ST
Greenville 84s batting - Pitching for Madison Bombers : LHP Matt Parker
Pitching: LHP Matt Parker
Batting: RHB Carlos Torres 0-0: Called Strike
0-1: Ground out 6-3 (Groundball, 6M)
Batting: RHB Owen Carter 0-0: Ground out 4-3 (Groundball, 4)
Batting: LHB Brock Larsen 0-0: Swinging Strike
0-1: Called Strike
0-2: Strikes out looking
Bottom of the 1st over - 0 run(s), 0 hit(s), 0 error(s), 0 left on base; Madison 2 - Greenville 0
TOP OF THE 2ND
Madison Bombers batting - Pitching for Greenville 84s : RHP Dillon Nelson
Batting: RHB Juan Costello 0-0: Called Strike
0-1: Foul Ball, location: 2F
0-2: Ball
1-2: Foul Ball, location: 2F
1-2: Ball
2-2: Ball
3-2: Ground out 6-3 (Groundball, 6S)
Batting: LHB John Horton 0-0: Ball
1-0: Foul Ball, location: 2F
1-1: Foul Ball, location: 2F
1-2: Ball
2-2: Foul Ball, location: 2F
2-2: Ground out 1-3 (Groundball, 15S)
Batting: RHB Javier Deleón 0-0: Ball
1-0: Ball
2-0: Ball
3-0: Called Strike
3-1: Foul Ball, location: 2F
3-2: SINGLE (Line Drive, 78S)
Batting: SHB Martín Medina 0-0: Called Strike
Javier Deleón is caught stealing 2nd base
Top of the 2nd over - 0 run(s), 1 hit(s), 0 error(s), 0 left on base; Madison 2 - Greenville 0
BOTTOM OF THE 2ND
Greenville 84s batting - Pitching for Madison Bombers : LHP Matt Parker
Batting: RHB Enzo Díaz 0-0: Called Strike
0-1: SINGLE (Groundball, 56D)
Batting: LHB Paco Rosas 0-0: Foul Ball, location: 2F
0-1: Ball
1-1: Ball
2-1: Swinging Strike
2-2: Ball
3-2: Grounds into double play, 6-4-3 (Groundball, 6)
Batting: RHB Robert Buckley 0-0: Ground out 6-3 (Groundball, 6)
Bottom of the 2nd over - 0 run(s), 1 hit(s), 0 error(s), 0 left on base; Madison 2 - Greenville 0
TOP OF THE 3RD
Madison Bombers batting - Pitching for Greenville 84s : RHP Dillon Nelson
Batting: SHB Martín Medina 0-0: Bunt missed!
0-1: Called Strike
0-2: Ball
1-2: Ball
2-2: Ball
3-2: Fly out, F7 (Flyball, 7LD)
Batting: SHB Jorge Flores 0-0: Called Strike
0-1: Ball
1-1: Ball
2-1: Ground out 4-3 (Groundball, 4)
Batting: LHB George Smith 0-0: Ball
1-0: Swinging Strike
1-1: Ball
2-1: Called Strike
2-2: Ground out 3-1 (Groundball, 34)
Top of the 3rd over - 0 run(s), 0 hit(s), 0 error(s), 0 left on base; Madison 2 - Greenville 0
BOTTOM OF THE 3RD
Greenville 84s batting - Pitching for Madison Bombers : LHP Matt Parker
Batting: LHB José Costa 0-0: Foul Ball, location: 2F
0-1: Foul Ball, location: 2F
0-2: Ground out 6-3 (Groundball, 6MS)
Batting: RHB Vic Langlois 0-0: Foul Ball, location: 2F
0-1: Foul Ball, location: 2F
0-2: Ball
1-2: Ball
2-2: Ball
3-2: Strikes out swinging
Batting: LHB Mario Cornelo 0-0: Ball
1-0: Ball
2-0: Ball
3-0: Called Strike
3-1: Foul Ball, location: 2F
3-2: Foul Ball, location: 2F
3-2: Base on Balls
Batting: RHB Carlos Torres 0-0: Called Strike
0-1: Ball
1-1: Ball
2-1: Fielders Choice at 2nd, 6-4 (Groundball, 6)
Bottom of the 3rd over - 0 run(s), 0 hit(s), 0 error(s), 0 left on base; Madison 2 - Greenville 0
TOP OF THE 4TH
Madison Bombers batting - Pitching for Greenville 84s : RHP Dillon Nelson
Batting: RHB Sergio Márquez 0-0: Called Strike
0-1: Ball
1-1: DOUBLE (Line Drive, 7LD)
Batting: LHB Mike Callahan 0-0: Ball
1-0: Fly out, F7 (Flyball, 78D)
Batting: SHB Ricardo Arévalo 0-0: Called Strike
0-1: Called Strike
0-2: Ball
1-2: Foul Ball, location: 2F
1-2: Strikes out looking
Batting: RHB Juan Costello 0-0: Called Strike
0-1: Swinging Strike
0-2: Ball
1-2: Ball
2-2: Strikes out swinging
Top of the 4th over - 0 run(s), 1 hit(s), 0 error(s), 1 left on base; Madison 2 - Greenville 0
BOTTOM OF THE 4TH
Greenville 84s batting - Pitching for Madison Bombers : LHP Matt Parker
Batting: RHB Owen Carter 0-0: Ball
1-0: Ball
2-0: Ball
3-0: Called Strike
3-1: Base on Balls
Batting: LHB Brock Larsen 0-0: SINGLE (Flyball, 7S)
Owen Carter to second
Batting: RHB Enzo Díaz 0-0: Ball
1-0: Foul Ball, location: 2F
1-1: Called Strike
1-2: DOUBLE (Line Drive, 8LD)
Owen Carter scores
Brock Larsen to third
Runner from 3rd tries for Home, SAFE, throw made at trailing runner, OUT at third!
Batting: LHB Paco Rosas 0-0: Ball
1-0: Foul Ball, location: 2F
1-1: Ball
2-1: Ball
3-1: DOUBLE (Line Drive, 8RXD)
Batting: RHB Robert Buckley 0-0: Ball
1-0: Swinging Strike
1-1: Ball
2-1: Swinging Strike
2-2: Ball
3-2: Strikes out swinging
Batting: LHB José Costa 0-0: Called Strike
0-1: Ground out 4-3 (Groundball, 4)
Bottom of the 4th over - 2 run(s), 3 hit(s), 0 error(s), 1 left on base; Madison 2 - Greenville 2
TOP OF THE 5TH
Madison Bombers batting - Pitching for Greenville 84s : RHP Dillon Nelson
Batting: LHB John Horton 0-0: Ball
1-0: Ball
2-0: Called Strike
2-1: Ball
3-1: Foul Ball, location: 2F
3-2: Foul Ball, location: 2F
3-2: Foul Ball, location: 2F
3-2: Strikes out swinging
Batting: RHB Javier Deleón 0-0: Fly out, F7 (Flyball, 7D)
Batting: SHB Martín Medina 0-0: Ball
1-0: Called Strike
1-1: Ball
2-1: Foul Ball, location: 2F
2-2: Foul Ball, location: 2F
2-2: Foul Ball, location: 2F
2-2: Ground out U3 (Groundball, 3)
Top of the 5th over - 0 run(s), 0 hit(s), 0 error(s), 0 left on base; Madison 2 - Greenville 2
BOTTOM OF THE 5TH
Greenville 84s batting - Pitching for Madison Bombers : LHP Matt Parker
Batting: RHB Vic Langlois 0-0: Swinging Strike
0-1: Ball
1-1: Ground out 6-3 (Groundball, 6)
Batting: LHB Mario Cornelo 0-0: Foul Ball, location: 2F
0-1: Foul Ball, location: 2F
0-2: Strikes out swinging
Batting: RHB Carlos Torres 0-0: Ball
1-0: Ball
2-0: Ball
3-0: Base on Balls
Batting: RHB Owen Carter 0-0: Ball
1-0: Ball
2-0: Ball
3-0: Base on Balls
Carlos Torres to second
Batting: LHB Brock Larsen 0-0: Ball
Balk!
Carlos Torres to third
Owen Carter to second
1-0: Swinging Strike
1-1: SINGLE (Line Drive, 9S)
Carlos Torres scores
Owen Carter to third
Batting: RHB Enzo Díaz 0-0: Foul Ball, location: 2F
0-1: Called Strike
0-2: Ball
1-2: Foul Ball, location: 2F
1-2: Ball
2-2: Ball
3-2: Foul Ball, location: 2F
3-2: Strikes out looking
Bottom of the 5th over - 1 run(s), 1 hit(s), 0 error(s), 2 left on base; Madison 2 - Greenville 3
TOP OF THE 6TH
Madison Bombers batting - Pitching for Greenville 84s : RHP Dillon Nelson
Batting: SHB Jorge Flores 0-0: Foul Ball, location: 2F
0-1: Ball
1-1: Ball
2-1: SINGLE (Line Drive, 78S)
Batting: LHB George Smith 0-0: Ball
1-0: Foul Ball, location: 2F
1-1: Ball
2-1: Swinging Strike
2-2: Foul Ball, location: 2F
2-2: Fly out, F2 (Popup, 3S)
Batting: RHB Sergio Márquez 0-0: Called Strike
0-1: Ball
Jorge Flores steals 2nd base
1-1: Swinging Strike
1-2: Ball
2-2: SINGLE (Groundball, 6MD)
Jorge Flores to third
Runner from 3rd tries for Home, SAFE, throw made home
Batting: LHB Mike Callahan 0-0: Called Strike
0-1: Foul Ball, location: 2F
0-2: Grounds into double play, 4-6-3 (Groundball, 34)
Top of the 6th over - 1 run(s), 2 hit(s), 0 error(s), 0 left on base; Madison 3 - Greenville 3
BOTTOM OF THE 6TH
Greenville 84s batting - Pitching for Madison Bombers : LHP Matt Parker
Batting: LHB Paco Rosas 0-0: Foul Ball, location: 2F
0-1: Ball
1-1: Foul Ball, location: 2F
1-2: Ball
2-2: Foul Ball, location: 2F
2-2: Ball
3-2: Foul Ball, location: 2F
3-2: Foul Ball, location: 2F
3-2: SINGLE (Groundball, 6D)
Pitching: LHP Raúl Sandoval
Batting: RHB Robert Buckley 0-0: Ball
1-0: Ball
2-0: Swinging Strike
2-1: SINGLE (Groundball, 3D)
Paco Rosas to second
Runner from 2nd tries for 3rd, SAFE, no throw
Batting: LHB José Costa 0-0: Ball
1-0: Ball
2-0: Swinging Strike
2-1: Ball
3-1: Foul Ball, location: 2F
3-2: Ground out 5-3 (Groundball, 56S)
Robert Buckley to second
Batting: RHB Vic Langlois 0-0: Ball
1-0: Ball
2-0: Ball
3-0: Base on Balls
Batting: LHB Mario Cornelo 0-0: Ball
1-0: Ball
2-0: Called Strike
2-1: SINGLE (Line Drive, 6MD)
Paco Rosas scores
Robert Buckley to third
Vic Langlois to second
Batting: RHB Carlos Torres 0-0: Called Strike
0-1: Grounds into fielders choice 6-2 (Groundball, 6)
Vic Langlois to third
Mario Cornelo to second
Batting: RHB Owen Carter 0-0: Foul Ball, location: 2F
0-1: Fielders Choice at 2nd, 4-6 (Groundball, 4)
Bottom of the 6th over - 1 run(s), 3 hit(s), 0 error(s), 2 left on base; Madison 3 - Greenville 4
TOP OF THE 7TH
Madison Bombers batting - Pitching for Greenville 84s : RHP Dillon Nelson
Batting: SHB Ricardo Arévalo 0-0: Ball
1-0: Called Strike
1-1: Foul Ball, location: 2F
1-2: Ball
2-2: Ball
3-2: Foul Ball, location: 2F
3-2: Ground out 4-3 (Groundball, 34)
Batting: RHB Juan Costello 0-0: Fly out, F7 (Line Drive, 7)
Batting: LHB John Horton 0-0: Called Strike
0-1: Swinging Strike
0-2: Fly out, F8 (Line Drive, 8LD)
Top of the 7th over - 0 run(s), 0 hit(s), 0 error(s), 0 left on base; Madison 3 - Greenville 4
BOTTOM OF THE 7TH
Greenville 84s batting - Pitching for Madison Bombers : LHP Raúl Sandoval
Batting: LHB Brock Larsen 0-0: Foul Ball, location: 2F
0-1: Foul Ball, location: 2F
0-2: Fly out, F6 (Popup, 6D)
Batting: RHB Enzo Díaz 0-0: Foul Ball, location: 2F
0-1: Ball
1-1: Swinging Strike
1-2: Ball
2-2: Foul Ball, location: 2F
2-2: Foul Ball, location: 2F
2-2: Ground out 5-3 (Groundball, 56S)
Batting: LHB Paco Rosas 0-0: Ball
1-0: Called Strike
1-1: Foul Ball, location: 2F
1-2: Strikes out swinging
Bottom of the 7th over - 0 run(s), 0 hit(s), 0 error(s), 0 left on base; Madison 3 - Greenville 4
TOP OF THE 8TH
Madison Bombers batting - Pitching for Greenville 84s : RHP Dillon Nelson
Pitching: RHP Paco Ruíz
Batting: RHB Javier Deleón 0-0: Foul Ball, location: 2F
0-1: Ball
1-1: Ball
2-1: Called Strike
2-2: Fly out, F6 (Line Drive, 6)
Pitching: RHP Robinson Gonzáles
Batting: SHB Martín Medina 0-0: Ground out 5-3 (Groundball, 56S)
Batting: SHB Jorge Flores 0-0: Foul Ball, location: 2F
0-1: Called Strike
0-2: Foul Ball, location: 2F
0-2: Foul Ball, location: 2F
0-2: Ball
1-2: Ball
2-2: Ball
3-2: Foul Ball, location: 2F
3-2: Fly out, F2 (Popup, 34S)
Top of the 8th over - 0 run(s), 0 hit(s), 0 error(s), 0 left on base; Madison 3 - Greenville 4
BOTTOM OF THE 8TH
Greenville 84s batting - Pitching for Madison Bombers : LHP Raúl Sandoval
Batting: RHB Robert Buckley 0-0: Called Strike
0-1: Ball
1-1: Foul Ball, location: 2F
1-2: Foul Ball, location: 2F
1-2: Foul Ball, location: 2F
1-2: DOUBLE (Line Drive, 78XD)
Batting: LHB José Costa 0-0: Ball
1-0: SINGLE (Flyball, 8LS)
Robert Buckley to third
Batting: RHB Vic Langlois 0-0: Ball
1-0: Called Strike
1-1: Called Strike
1-2: Ball
2-2: Ball
3-2: 3-RUN HOME RUN (Flyball, 7D), Distance : 350 ft
Pitching: LHP Fred Martin
Batting: LHB Mario Cornelo 0-0: Ball
1-0: Ball
2-0: Foul Ball, location: 2F
2-1: Swinging Strike
2-2: Strikes out swinging
Batting: RHB Carlos Torres 0-0: Ball
1-0: Foul Ball, location: 2F
1-1: Ball
2-1: Foul Ball, location: 2F
2-2: SINGLE (Groundball, 4M) (infield hit)
Batting: RHB Owen Carter 0-0: Ball
1-0: Foul Ball, location: 2F
1-1: Foul Ball, location: 2F
1-2: Ball
2-2: Ball
3-2: Strikes out looking
Carlos Torres steals 2nd base
Batter strikes out.
Batting: LHB Brock Larsen 0-0: Foul Ball, location: 2F
0-1: Ball
1-1: Ball
2-1: Swinging Strike
2-2: Ball
3-2: Fly out, F3 (Line Drive, 3)
Bottom of the 8th over - 3 run(s), 4 hit(s), 0 error(s), 1 left on base; Madison 3 - Greenville 7
TOP OF THE 9TH
Madison Bombers batting - Pitching for Greenville 84s : RHP Robinson Gonzáles
Pitching: LHP Francisco Ríos
Batting: LHB George Smith 0-0: Ball
1-0: Ball
2-0: DOUBLE (Line Drive, 9LM)
Batting: RHB Sergio Márquez 0-0: Ball
1-0: Ball
2-0: Ball
3-0: Called Strike
3-1: Foul Ball, location: 2F
3-2: SINGLE (Groundball, 6MS) (infield hit)
George Smith to third
Batting: LHB Mike Callahan 0-0: Called Strike
0-1: Ball
1-1: Ball
2-1: Swinging Strike
2-2: Strikes out swinging
Batting: SHB Ricardo Arévalo 0-0: Swinging Strike
0-1: Fly out, F9 (Flyball, 9S)
Batting: RHB Juan Costello 0-0: Foul Ball, location: 2F
0-1: Ball
1-1: Fielders Choice at 2nd, 6-4 (Groundball, 6)
Top of the 9th over - 0 run(s), 2 hit(s), 0 error(s), 1 left on base; Madison 3 - Greenville 7
Thursday, March 30th, 2017 - OOTP Baseball 17.12 Build 75